Map: Proxima Station LE

Players

Zanster - Winner!

  • Race: Zerg Zerg
  • Spawn Location: 7:00

Sevnin

  • Race: Protoss Protoss
  • Spawn Location: 1:00

Event: IEM XI Katowice - World Championship 2017

VOD

Have the link to the VOD?

Description

Time

  • Played on: Feb. 27, 2017, 8:18 a.m.
  • Length: 10:13

All games in this series

Show
View Real Time Build Order
Export as new Build Order

Zanster Zerg - Winner!

Build Orders: Hatch First 

Get SALT Encoding   

  12  0:00  Drone  
  13  0:12  Overlord  
  13  0:17  Drone  
  14  0:31  Drone x2  
  17  0:35  Drone  
  17  0:51  Hatchery  
  17  0:55  Drone  
  17  0:58  Drone  
  18  1:08  Extractor  
  17  1:13  Spawning Pool  
  17  1:16  Drone  
  17  1:20  Drone  
  18  1:28  Drone  
  19  1:39  Drone  
  20  1:49  Overlord  
  20  2:02  Queen  
  20  2:04  Queen  
  20  2:05  Zergling x4  
  26  2:10  Metabolic Boost  
  26  2:14  Drone  
  26  2:15  Drone  
  28  2:21  Drone  
  29  2:25  Drone  
  30  2:32  Drone  
  30  2:36  Drone  
  32  2:43  Queen  
  34  2:50  Hatchery  
  33  2:53  Overlord  
  33  2:56  Drone  
  33  2:58  Drone  
  34  2:59  Drone  
  35  3:11  Drone  
  35  3:12  Drone  
  37  3:14  Overlord  
  37  3:15  Drone x3  
  37  3:16  Drone  
  41  3:24  Drone x3  
  44  3:33  Overlord  
  43  3:43  Lair, Roach Warren  
  43  3:44  Drone x3  
  43  3:48  Extractor  
  44  3:50  Drone x3  
  44  3:52  Drone  
  44  3:53  Drone  
  44  3:55  Drone  
  50  3:57  Drone  
  50  4:00  Overlord  
  50  4:02  Drone  
  52  4:04  Drone  
  52  4:05  Drone  
  54  4:12  Queen  
  54  4:15  Queen  
  58  4:18  Overlord  
  58  4:25  Roach x2  
  58  4:26  Roach  
  58  4:29  Roach  
  58  4:30  Roach  
  68  4:32  Roach  
  68  4:36  Roach  
  68  4:37  Roach  
  74  4:41  Overlord  
  74  4:42  Drone x3  
  74  4:43  Drone  
  78  4:47  Overseer  
  78  4:48  Overlord  
  78  4:51  Roach, Extractor  
  77  4:54  Extractor  
  76  5:01  Drone x10  
  76  5:05  Drone  
  87  5:08  Ravager, Drone  
  88  5:14  Overlord  
  88  5:20  Glial Reconstitution, Overlord  
  88  5:26  Drone x7  
  95  5:30  Overseer  
  95  5:31  Overlord  
  96  5:35  Drone  
  96  5:36  Drone x3  
  96  5:41  Hydralisk Den  
  92  5:46  Hatchery  
  92  5:47  Overlord  
  91  5:50  Roach  
  91  5:51  Roach  
  91  5:53  Overlord, Extractor  
  91  5:54  Extractor  
  93  5:58  Drone  
  93  5:59  Drone x2  
  93  6:00  Drone x4  
  93  6:03  Overlord  
  96  6:11  Overlord  
  96  6:18  Overlord  
  92  6:20  Hydralisk x6  
  92  6:24  Spine Crawler  
  103  6:26  Hydralisk x3  
  103  6:32  Roach x4  
  117  6:38  Roach x2  
  121  6:43  Hydralisk  
  121  6:44  Hydralisk  
  121  6:46  Overlord  
  122  6:54  Muscular Augments  
  122  6:55  Overlord  
  122  6:57  Zergling x2  
  122  6:58  Zergling x8  
  127  7:01  Ravager  
  127  7:04  Zergling x10  
  127  7:05  Zergling x2  
  134  7:11  Overlord  
  134  7:19  Ravager  
  134  7:20  Ravager x2  
  134  7:22  Hydralisk x3  
  143  7:31  Zergling x8, Roach  
  143  7:34  Hydralisk  
  148  7:40  Spine Crawler  
  148  7:41  Hydralisk  
  148  7:42  Hydralisk  
  146  7:47  Roach  
  146  7:48  Roach x3  
  136  7:54  Roach x5  
  133  8:00  Roach x2  
  133  8:05  Hydralisk, Roach  
  127  8:08  Hydralisk x2  
  116  8:14  Hydralisk  
  116  8:15  Roach x2  
  118  8:25  Hydralisk x4  
  120  8:30  Drone  
  121  8:36  Drone  
  121  8:37  Drone x2  
  124  8:42  Drone x4  
  124  8:46  Roach, Evolution Chamber  
  129  8:50  Roach x5  
  129  8:52  Ravager  
  140  8:55  Ravager  
  140  8:57  Roach x2  
  140  9:01  Ravager  
  146  9:04  Hydralisk x2  
  150  9:15  Drone x6  
  156  9:23  Hydralisk x3  
  162  9:31  Hydralisk x3  
  162  9:36  Ravager  
  162  9:38  Zergling x8  
  173  9:42  Zergling x2  
  173  9:43  Zergling x4  
  173  9:44  Overlord  
  176  9:46  Overlord  
Show
View Real Time Build Order
Export as new Build Order

Sevnin Protoss 

Build Orders: 1 Gate Expand, Zealot Archon, Dark Templar Rush 

Get SALT Encoding   

  12  0:01  Probe (Chrono Boost)  
  13  0:11  Probe (Chrono Boost)  
  14  0:18  Pylon  
  14  0:22  Probe (Chrono Boost)  
  15  0:36  Probe (Chrono Boost)  
  15  0:38  Gateway  
  16  0:47  Probe (Chrono Boost)  
  16  0:49  Assimilator  
  17  0:57  Probe (Chrono Boost)  
  18  1:08  Probe (Chrono Boost)  
  19  1:24  Nexus  
  19  1:26  Probe (Chrono Boost)  
  20  1:37  Probe (Chrono Boost)  
  21  1:43  Cybernetics Core  
  21  1:47  Probe (Chrono Boost)  
  21  1:51  Assimilator  
  22  1:56  Pylon  
  22  1:58  Probe (Chrono Boost)  
  23  2:15  Probe (Chrono Boost)  
  24  2:16  Adept  
  24  2:20  Warp Gate  
  26  2:27  Probe (Chrono Boost)  
  29  2:37  Mothership Core (Chrono Boost)  
  29  2:39  Probe (Chrono Boost)  
  30  2:45  Adept  
  30  2:49  Probe (Chrono Boost)  
  33  2:54  Twilight Council  
  33  2:55  Probe (Chrono Boost)  
  34  3:00  Probe (Chrono Boost)  
  35  3:06  Probe (Chrono Boost)  
  35  3:10  Probe (Chrono Boost), Robotics Facility  
  37  3:16  Probe (Chrono Boost)  
  38  3:21  Probe (Chrono Boost)  
  40  3:27  Probe (Chrono Boost)  
  40  3:31  Probe (Chrono Boost)  
  41  3:37  Dark Shrine, Probe (Chrono Boost)  
  41  3:40  Gateway  
  42  3:42  Probe (Chrono Boost)  
  42  3:44  Gateway  
  44  3:50  Gateway  
  44  3:52  Warp Prism  
  44  3:53  Probe (Chrono Boost)  
  44  4:02  Pylon  
  46  4:07  Assimilator  
  46  4:09  Assimilator  
  46  4:13  Pylon  
  46  4:20  Pylon  
  46  4:22  Probe (Chrono Boost)  
  47  4:24  Probe (Chrono Boost)  
  48  4:34  Probe (Chrono Boost)  
  48  4:37  Probe (Chrono Boost)  
  51  4:46  Probe (Chrono Boost)  
  51  4:48  Probe (Chrono Boost)  
  51  4:52  Dark Templar x2  
  56  4:58  Probe x2 (Chrono Boost)  
  58  5:05  Dark Templar x2  
  58  5:06  Archon  
  62  5:09  Nexus  
  62  5:10  Pylon, Archon  
  62  5:14  Resonating Glaives  
  62  5:22  Immortal  
  66  5:33  Gateway  
  66  5:35  Gateway  
  67  5:48  Gateway x2  
  66  5:56  Immortal  
  70  6:07  Sentry  
  70  6:08  Sentry x3  
  78  6:30  Sentry x2  
  78  6:31  Sentry  
  84  6:36  Pylon  
  84  6:37  Pylon  
  84  6:45  Adept  
  86  6:56  Adept  
  86  6:57  Adept x5  
  98  7:09  Pylon  
  98  7:14  Pylon  
  98  7:17  Adept x5  
  108  7:28  Adept x3  
  114  7:33  Probe (Chrono Boost)  
  115  7:42  Probe (Chrono Boost)  
  110  7:45  Adept x5  
  105  7:51  Probe (Chrono Boost)  
  105  7:54  Adept x3  
  81  8:08  Adept x5  
  77  8:18  Probe (Chrono Boost)  
  58  8:30  Adept  
  58  8:31  Adept x7  
  75  8:34  Immortal  
  75  8:35  Probe (Chrono Boost)  
  75  8:36  Forge  
  79  8:56  Sentry x3  
  79  8:57  Adept  
  79  8:58  Adept x4  
  95  9:18  Adept  
  95  9:19  Adept x7  
  112  9:31  Probe (Chrono Boost)  
  110  9:44  Adept  
  110  9:45  Adept x6  
  124  9:49  Pylon  
  124  9:59  Probe (Chrono Boost)  
  119  10:02  Probe (Chrono Boost)  

Tags
 
Add a new tag
Caveats
  • Supply blocks, unpowered buildings, or Contaminate may cause inaccurate times.
  • Supply counts are checked every 10 seconds.